Map: [ESL] NeoHumanity

Players

DnS

  • Race: Protoss Protoss
  • Spawn Location: 5:00

LiquidElazer (Elazer) - Winner!

  • Race: Zerg Zerg
  • League: Master
  • Spawn Location: 11:00

Event: HomeStory Cup XXIII

VOD

Have the link to the VOD?

Description

Time

  • Played on: July 1, 2023, 9:58 a.m.
  • Length: 9:03

All games in this series

Show
View Real Time Build Order
Export as new Build Order

DnS Protoss 

Build Orders: 1 Gate Expand, Oracle Opening 

Get SALT Encoding   

  12  0:00  Probe  
  13  0:12  Probe  
  14  0:17  Pylon  
  14  0:24  Probe  
  14  0:28  Assimilator  
  15  0:36  Probe (Chrono Boost)  
  16  0:44  Gateway  
  17  0:50  Probe (Chrono Boost)  
  17  0:54  Probe (Chrono Boost)  
  18  1:05  Probe  
  19  1:18  Probe  
  20  1:24  Nexus  
  20  1:35  Cybernetics Core  
  20  1:39  Probe  
  21  1:43  Assimilator  
  21  1:51  Probe  
  21  1:53  Pylon  
  22  2:03  Probe  
  23  2:09  Stalker (Chrono Boost)  
  23  2:12  Warp Gate  
  23  2:15  Probe  
  26  2:27  Probe (Chrono Boost)  
  26  2:29  Stargate  
  27  2:31  Adept  
  30  2:37  Probe (Chrono Boost)  
  30  2:39  Probe (Chrono Boost)  
  31  2:46  Probe x2 (Chrono Boost)  
  31  2:51  Probe (Chrono Boost)  
  33  2:53  Probe  
  35  3:01  Adept  
  35  3:03  Probe  
  38  3:05  Probe  
  38  3:06  Gateway  
  38  3:11  Oracle (Chrono Boost)  
  39  3:15  Probe  
  39  3:18  Probe  
  44  3:21  Pylon  
  44  3:30  Probe x2  
  46  3:35  Pylon  
  46  3:38  Oracle (Chrono Boost)  
  49  3:42  Probe x2  
  49  3:46  Assimilator  
  49  3:48  Pylon  
  51  3:59  Adept x2  
  51  4:01  Probe x2  
  57  4:08  Oracle  
  60  4:15  Nexus  
  60  4:16  Pylon  
  60  4:29  Probe x2  
  60  4:30  Adept x2  
  62  4:37  Assimilator  
  58  4:40  Shield Battery  
  58  4:41  Probe x2  
  60  4:51  Twilight Council  
  60  4:52  Forge  
  60  4:53  Probe  
  60  4:54  Adept x2  
  60  4:56  Probe  
  66  5:04  Pylon  
  66  5:05  Probe  
  67  5:08  Gateway  
  67  5:09  Gateway  
  67  5:16  Probe  
  67  5:19  Protoss Ground Weapons Level 1  
  67  5:20  Probe  
  69  5:22  Stalker x2  
  69  5:24  Blink (Chrono Boost)  
  73  5:30  Probe (Chrono Boost)  
  74  5:38  Probe (Chrono Boost)  
  74  5:40  Probe (Chrono Boost)  
  74  5:42  Probe (Chrono Boost)  
  77  5:47  Stalker x2  
  77  5:48  Probe (Chrono Boost)  
  77  5:49  Probe (Chrono Boost)  
  84  5:51  Probe (Chrono Boost)  
  84  5:54  Probe x2 (Chrono Boost)  
  84  5:56  Probe (Chrono Boost)  
  87  5:57  Gateway  
  87  5:58  Gateway  
  87  6:04  Probe  
  88  6:05  Probe  
  88  6:08  Probe  
  88  6:10  Stalker x2  
  94  6:18  Probe x2  
  94  6:19  Stalker x2  
  94  6:24  Pylon  
  94  6:25  Pylon  
  100  6:29  Nexus  
  100  6:32  Pylon  
  100  6:34  Probe  
  100  6:36  Pylon  
  100  6:39  Pylon, Robotics Facility  
  101  6:42  Probe  
  102  6:48  Probe x2, Stalker x2  
  102  6:54  Stalker x2  
  112  6:55  Probe  
  112  6:58  Shield Battery  
  112  6:59  Stalker  
  115  7:06  Stalker  
  117  7:11  Gateway  
  117  7:13  Gateway, Photon Cannon  
  117  7:23  Stalker x5  
  117  7:29  Robotics Bay  
  126  7:37  Probe  
  126  7:43  Immortal (Chrono Boost)  
  116  7:47  Stalker x2  
  122  7:51  Stalker  
  122  7:54  Pylon, Shield Battery  
  122  7:55  Zealot x2, Stalker  
  122  7:57  Shield Battery  
  130  8:01  Pylon  
  130  8:07  Probe x2  
  130  8:08  Probe x2, Photon Cannon  
  130  8:09  Stalker  
  130  8:10  Stalker  
  138  8:16  Zealot x2  
  138  8:17  Zealot x2  
  144  8:26  Cybernetics Core  
  136  8:29  Gateway  
  130  8:37  Probe  
  125  8:42  Zealot x8  
  125  8:46  Probe  
Show
View Real Time Build Order
Export as new Build Order

LiquidElazer Zerg - Winner!

Build Orders: Hatch First 

Get SALT Encoding   

  12  0:00  Drone  
  13  0:07  Drone  
  14  0:33  Hatchery  
  13  0:37  Drone  
  13  0:42  Extractor  
  13  0:43  Drone  
  13  0:49  Overlord  
  15  1:04  Spawning Pool  
  15  1:08  Drone  
  15  1:11  Drone  
  16  1:14  Drone  
  17  1:21  Drone  
  18  1:32  Drone  
  19  1:42  Drone  
  20  1:51  Queen x2, Zergling x2  
  20  1:54  Overlord  
  25  2:00  Drone  
  26  2:03  Drone  
  26  2:07  Drone  
  28  2:14  Drone  
  29  2:17  Drone  
  30  2:23  Hatchery  
  30  2:27  Drone  
  30  2:31  Queen  
  30  2:35  Overlord  
  32  2:38  Drone  
  32  2:39  Drone  
  34  2:46  Drone  
  35  2:52  Drone  
  35  2:57  Extractor, Drone  
  36  2:59  Drone x3  
  36  3:02  Drone  
  40  3:07  Queen  
  40  3:09  Queen  
  40  3:10  Overlord  
  44  3:17  Overlord  
  44  3:30  Drone x2  
  44  3:31  Drone  
  44  3:33  Drone x2  
  49  3:34  Overlord  
  49  3:38  Drone x5  
  54  3:42  Spore Crawler  
  54  3:44  Queen  
  55  3:49  Queen  
  55  3:53  Overlord  
  57  3:56  Metabolic Boost  
  57  4:00  Zergling x6  
  60  4:05  Zergling x8  
  60  4:09  Zergling x4  
  66  4:10  Zergling x2  
  66  4:11  Zergling x2  
  66  4:16  Overlord  
  68  4:17  Zergling x4  
  68  4:23  Spore Crawler  
  69  4:28  Overlord  
  69  4:30  Drone x6  
  73  4:33  Unknown  
  73  4:35  Drone x3  
  74  4:40  Drone x2  
  74  4:47  Drone x2  
  74  4:49  Overlord  
  74  4:52  Overlord  
  75  4:53  Roach Warren  
  75  4:54  Drone x2  
  75  4:58  Drone x3  
  79  5:01  Drone x3  
  79  5:04  Spore Crawler  
  81  5:09  Queen  
  81  5:11  Overlord  
  83  5:16  Queen, Overlord  
  83  5:18  Extractor  
  84  5:21  Lair  
  84  5:25  Drone x4  
  84  5:28  Drone x3  
  91  5:31  Extractor  
  91  5:35  Roach x3  
  96  5:42  Overlord  
  96  5:44  Extractor  
  95  5:53  Overlord  
  95  5:54  Drone x3  
  95  5:55  Drone x3  
  95  5:56  Overlord  
  99  5:57  Drone x3  
  99  5:58  Drone  
  99  5:59  Drone  
  104  6:06  Zergling x8  
  104  6:11  Overlord  
  108  6:12  Hatchery  
  102  6:20  Zergling x12  
  102  6:23  Glial Reconstitution  
  102  6:25  Overlord  
  108  6:26  Drone  
  108  6:27  Evolution Chamber  
  108  6:35  Roach x6  
  120  6:43  Roach x5  
  129  6:50  Roach  
  129  6:53  Zerg Missile Weapons Level 1  
  131  6:57  Roach  
  131  6:58  Roach x4  
  141  7:02  Overlord x3  
  141  7:06  Roach x2  
  145  7:12  Roach x4  
  145  7:14  Overseer  
  153  7:19  Roach x3  
  156  7:33  Zergling x18  
  158  7:39  Roach x4  
  158  7:40  Ravager  
  158  7:41  Ravager  
  158  7:43  Roach x3  
  164  7:48  Roach  
  166  7:52  Ravager x5  
  166  7:54  Ravager x3  
  166  7:56  Zergling x12  
  180  7:59  Zergling x6  
  180  8:04  Zergling x8  
  186  8:08  Zergling x6  
  189  8:13  Zergling x6  
  188  8:26  Zergling x16  
  191  8:33  Roach x4  
  191  8:34  Roach x2  
  181  8:41  Roach x4  
Tags
 
Add a new tag
Caveats
  • Supply blocks, unpowered buildings, or Contaminate may cause inaccurate times.
  • Supply counts are checked every 10 seconds.